 Dungeon Crawl Stone Soup version 0.20.2-3-g29329e0561 (webtiles) character file.

201 Alfie the Shield-Bearer (level 5, -1/47 HPs)
             Began as a Minotaur Fighter on Oct 27, 2020.
             Slain by a gnoll
             ... wielding a +0 spear
              (2 damage)
             ... on level 2 of the Dungeon.
             The game lasted 00:02:13 (892 turns).

Alfie the Shield-Bearer (Minotaur Fighter)           Turns: 892, Time: 00:02:14

Health: -1/47      AC:  7    Str: 21    XL:     5   Next: 50%
Magic:  4/4        EV:  8    Int:  5    God:
Gold:   116        SH: 10    Dex: 10    Spells: 4/4 levels left

rFire    . . .     SeeInvis .   a - +0 long sword
rCold    . . .     Gourm    .   c - +0 shield
rNeg     . . .     Faith    .   b - +0 scale mail
rPois    .         Spirit   .   (helmet restricted)
rElec    .         Reflect  .   (no cloak)
rCorr    .         Harm     .   (no gloves)
MR       .....                  (no boots)
Stlth    ..........             (no amulet)
Regen    0.2/turn               (no ring)
MPRegen  0.1/turn               (no ring)

@: no status effects
A: retaliatory headbutt, horns 2
a: no special abilities


You were on level 2 of the Dungeon.
You were not hungry.

You visited 1 branch of the dungeon, and saw 2 of its levels.

You collected 116 gold pieces.

Inventory:

Hand Weapons
 a - a +0 long sword (weapon)
Armour
 b - a +0 scale mail (worn)
 c - a +0 shield (worn)
Jewellery
 h - a cursed ring of fire {unknown}
Scrolls
 e - a scroll of enchant weapon {unknown}
 i - a scroll of blinking {unknown}
 j - a scroll of immolation {unknown}
 m - a scroll of remove curse {unknown}
Potions
 k - a potion of lignification {unknown}
 l - 2 potions of heal wounds {unknown}
Comestibles
 f - a bread ration
 g - 2 royal jellies


   Skills:
 + Level 4.5 Fighting
 + Level 4.1 Long Blades
 + Level 4.6 Armour
 + Level 1.0 Dodging
 + Level 5.2 Shields


You had 4 spell levels left.
You didn't know any spells.

Dungeon Overview and Level Annotations

Branches:
Dungeon (2/15)

Altars:


Innate Abilities, Weirdness & Mutations

You reflexively headbutt those who attack you in melee.
You have a pair of horns on your head.


Message History

You furiously retaliate!
You headbutt the gnoll. You block the gnoll's attack.
You closely miss the gnoll.
The gnoll is moderately wounded.
The gnoll hits you but does no damage. The gnoll hits you with a spear.
* * * LOW HITPOINT WARNING * * *
You block the gnoll's attack. The gnoll barely misses you.
You riposte.
You slash the gnoll!
The gnoll is severely wounded.
You block the gnoll's attack.
The gnoll hits you from afar with a spear.
* * * LOW HITPOINT WARNING * * *
You block the gnoll's attack.
The gnoll hits you from afar with a spear.
* * * LOW HITPOINT WARNING * * *
The gnoll hits you with a spear.
* * * LOW HITPOINT WARNING * * *
You slash the gnoll!
The gnoll is almost dead.
The gnoll hits you but does no damage. The gnoll hits you with a spear.
You die...

..# #.# # #.# .. #
###.###.# .# ##
#.....#.# ######.#...
##.#.#.#.#####........#
..#......##.........####
##.#.†.................#
##...))..####..#@#..##.#
....#....####.##g#.<# #
##....#.......#.g...##.#
#.#.##.####..#..#......
...#.##.# #........##..
####.##.# ##.#.........
#. #.#####.#.##..###. ..
#.##.....†...##
..##.##.#.##.#


You could see 2 gnolls.

Vanquished Creatures
  Sigmund (D:2)
  An ooze (D:2)
  A dart slug (D:2)
  A giant cockroach (D:1)
  4 goblins
  7 hobgoblins
  2 jackals (D:2)
  6 bats
  4 frilled lizards
  4 kobolds
31 creatures vanquished.

Notes
Turn   | Place    | Note
-------+----------+-------------------------------------------
     0 | D:1      | Alfie the Minotaur Fighter began the quest for the Orb.
     0 | D:1      | Reached XP level 1. HP: 19/19 MP: 0/0
   297 | D:1      | Reached XP level 2. HP: 25/27 MP: 1/1
   655 | D:2      | Reached skill level 4 in Shields
   684 | D:2      | Reached XP level 3. HP: 33/33 MP: 2/2
   750 | D:2      | Noticed Sigmund
   755 | D:2      | Killed Sigmund
   755 | D:2      | Reached skill level 1 in Dodging
   755 | D:2      | Reached skill level 5 in Shields
   755 | D:2      | Reached XP level 4. HP: 41/41 MP: 3/3
   755 | D:2      | Reached XP level 5. HP: 47/47 MP: 4/4
   891 | D:2      | HP: 1/47 [gnoll/spear (4)]
   892 | D:2      | Slain by a gnoll

Skill      XL: |  1  2  3 |
---------------+----------+-----
Shields        | 4 5 |  5.2
Long Blades    | 3 4 |  4.1
Fighting       | 4 |  4.5
Armour         | 4 |  4.6
Dodging        | 1 |  1.0

Action                   |  1- 3 |  4- 6 || total
-------------------------+-------+-------++-------
Melee: Long sword        |    65 |    17 ||    82
       Headbutt          |     8 |     2 ||    10
  Use: Potion            |     1 |       ||     1
Armor: Scale mail        |    40 |     7 ||    47
Dodge: Dodged            |    22 |     6 ||    28
Block: Shield            |    47 |    14 ||    61
       Rpst.: Long sword |     9 |     3 ||    12
